Map: Incorporeal LE

Players

Solar - Winner!

  • Race: Zerg Zerg
  • Spawn Location: 11:00

Zoun

  • Race: Protoss Protoss
  • Spawn Location: 5:00

Event: Esports World Cup 2025

VOD

Have the link to the VOD?

Description

Time

  • Played on: July 22, 2025, 9:58 a.m.
  • Length: 9:43

All games in this series

Show
View Real Time Build Order
Export as new Build Order

Solar Zerg - Winner!

Build Orders: Hatch First 

Get SALT Encoding   

  12  0:00  Drone  
  13  0:07  Drone  
  14  0:14  Drone, Extractor  
  15  0:34  Hatchery  
  14  0:38  Extractor  
  14  0:40  Drone  
  15  0:45  Overlord  
  15  1:03  Drone x3  
  18  1:11  Spawning Pool  
  17  1:15  Drone, Extractor  
  17  1:25  Drone  
  18  1:36  Drone  
  19  1:47  Drone x2  
  21  1:57  Queen x2  
  21  1:58  Zergling x2  
  26  2:03  Overlord  
  26  2:08  Drone  
  26  2:09  Drone  
  28  2:18  Metabolic Boost  
  28  2:22  Zergling x2  
  29  2:23  Drone  
  29  2:29  Drone  
  32  2:30  Drone  
  32  2:44  Overlord  
  32  2:46  Drone  
  32  2:47  Queen  
  35  2:54  Hatchery  
  35  2:57  Zergling x2  
  35  2:58  Drone  
  35  3:03  Drone x2  
  37  3:06  Drone x2  
  37  3:10  Zergling x2  
  37  3:11  Drone  
  37  3:12  Drone  
  42  3:15  Overlord  
  42  3:17  Drone  
  42  3:19  Drone  
  44  3:23  Spore Crawler  
  44  3:24  Drone  
  44  3:32  Queen  
  46  3:35  Zergling x4  
  46  3:38  Drone  
  46  3:40  Queen  
  51  3:45  Spore Crawler  
  51  3:46  Overlord  
  50  3:49  Drone  
  50  3:50  Drone  
  50  3:55  Overlord  
  52  4:02  Overlord  
  52  4:05  Drone x4  
  52  4:06  Drone  
  52  4:09  Spore Crawler  
  56  4:12  Drone  
  56  4:15  Queen  
  59  4:20  Drone x2  
  60  4:24  Lair  
  60  4:25  Drone  
  60  4:27  Drone  
  62  4:31  Drone  
  62  4:32  Drone  
  62  4:33  Drone  
  62  4:35  Zergling x2  
  66  4:38  Roach Warren  
  66  4:40  Zergling x2  
  66  4:41  Zergling x2  
  66  4:42  Extractor  
  66  4:44  Overlord  
  66  4:46  Drone  
  66  4:49  Drone  
  66  4:50  Zergling x2  
  66  4:51  Drone x2  
  71  4:55  Drone x3  
  74  5:02  Hatchery  
  74  5:06  Drone, Extractor  
  73  5:07  Pneumatized Carapace  
  73  5:08  Extractor  
  73  5:09  Overlord  
  73  5:12  Overlord  
  71  5:17  Drone  
  71  5:18  Drone  
  73  5:23  Overlord  
  73  5:26  Roach x3  
  73  5:27  Roach x2  
  83  5:31  Roach  
  83  5:32  Roach  
  87  5:36  Roach  
  87  5:37  Zergling x6  
  87  5:40  Roach  
  94  5:42  Roach  
  94  5:43  Zergling x2  
  94  5:48  Zergling x2  
  93  5:52  Zergling x8  
  93  5:54  Overlord  
  97  6:01  Overlord  
  97  6:06  Ravager  
  97  6:08  Zergling x10  
  97  6:09  Ravager  
  104  6:13  Zergling x4  
  104  6:16  Overlord  
  105  6:19  Zergling x2, Ravager  
  105  6:22  Zergling x2  
  106  6:25  Zergling x6  
  107  6:33  Zergling x6  
  107  6:38  Zergling x14  
  107  6:42  Ravager x2  
  107  6:46  Zergling x6  
  105  6:48  Queen  
  105  6:52  Zergling x8  
  105  6:58  Ravager  
  105  6:59  Zergling x4  
  105  7:03  Zergling x4  
  105  7:06  Queen  
  103  7:11  Zergling x6  
  103  7:13  Drone  
  103  7:17  Drone  
  103  7:19  Zergling x6  
  103  7:20  Zergling x8  
  107  7:24  Drone  
  107  7:28  Zergling x2  
  104  7:32  Zergling x4  
  104  7:35  Drone  
  97  7:39  Drone  
  97  7:41  Drone  
  97  7:43  Drone  
  96  7:44  Drone  
  96  7:45  Drone x2  
  96  7:50  Drone x4  
  96  7:51  Drone  
  103  7:54  Drone  
  103  7:56  Drone  
  103  7:57  Glial Reconstitution  
  100  7:59  Drone  
  100  8:00  Evolution Chamber  
  100  8:03  Roach  
  94  8:08  Roach x2  
  94  8:13  Roach x2  
  94  8:14  Roach x3  
  94  8:16  Roach x4  
  108  8:21  Zergling x2  
  108  8:25  Overlord  
  108  8:26  Zergling x2  
  110  8:28  Ravager  
  110  8:29  Zergling x4  
  110  8:32  Ravager  
  110  8:33  Overlord  
  113  8:36  Roach x4  
  113  8:37  Overlord  
  113  8:38  Zergling x6  
  113  8:40  Ravager x3  
  113  8:41  Overlord x2  
  127  8:43  Zergling x2  
  127  8:44  Zergling x8  
  127  8:46  Drone  
  133  8:49  Overseer  
  133  8:50  Ravager  
  133  8:51  Zergling x2  
  133  8:53  Zergling x2  
  136  8:56  Ravager  
  136  8:57  Zergling x2, Roach  
  136  9:02  Overlord  
  140  9:04  Zergling x6  
  140  9:07  Roach x2  
  146  9:10  Roach x2  
  146  9:11  Roach  
  146  9:13  Zergling x6  
  146  9:14  Zergling x2  
  158  9:17  Ravager  
  158  9:18  Zergling x2, Roach  
  158  9:19  Zergling x2  
  158  9:20  Overlord  
  158  9:22  Zergling x2  
Show
View Real Time Build Order
Export as new Build Order

Zoun Protoss 

Build Orders: 1 Gate Expand, Oracle Opening, Phoenix Opening 

Get SALT Encoding   

  12  0:00  Probe  
  13  0:12  Probe  
  14  0:22  Pylon  
  14  0:26  Probe  
  15  0:36  Probe  
  15  0:41  Gateway  
  16  0:44  Probe  
  16  0:49  Assimilator  
  17  0:54  Probe  
  18  1:06  Probe  
  19  1:18  Probe  
  20  1:26  Nexus  
  20  1:37  Cybernetics Core  
  20  1:40  Probe  
  20  1:45  Assimilator  
  21  1:52  Probe  
  22  1:56  Pylon  
  22  2:04  Probe, Adept  
  25  2:16  Probe  
  25  2:18  Stargate  
  26  2:25  Warp Gate  
  26  2:28  Probe  
  27  2:34  Adept  
  27  2:35  Probe  
  27  2:36  Probe  
  31  2:44  Probe  
  31  2:45  Pylon  
  32  2:53  Probe  
  33  3:01  Phoenix, Probe  
  33  3:05  Probe  
  37  3:10  Pylon  
  37  3:12  Adept  
  37  3:13  Probe  
  37  3:16  Oracle  
  40  3:23  Gateway  
  40  3:27  Probe  
  44  3:30  Probe  
  45  3:39  Probe  
  46  3:43  Probe  
  46  3:44  Oracle  
  47  3:52  Probe  
  51  3:57  Nexus  
  51  4:00  Pylon  
  51  4:01  Probe  
  52  4:07  Probe  
  53  4:11  Pylon  
  53  4:15  Probe  
  54  4:19  Adept  
  54  4:20  Adept  
  54  4:23  Probe  
  59  4:26  Shield Battery  
  59  4:28  Probe, Assimilator  
  59  4:29  Assimilator  
  60  4:35  Twilight Council  
  60  4:37  Probe  
  61  4:41  Forge  
  61  4:43  Adept  
  63  4:48  Probe  
  63  4:49  Probe  
  63  4:52  Adept  
  67  5:00  Pylon  
  67  5:02  Probe  
  67  5:06  Gateway  
  68  5:08  Gateway  
  68  5:09  Probe  
  68  5:10  Blink  
  68  5:12  Probe  
  70  5:15  Probe  
  70  5:19  Protoss Ground Weapons Level 1  
  70  5:20  Probe  
  71  5:22  Probe  
  71  5:24  Probe  
  71  5:28  Probe  
  74  5:30  Probe  
  74  5:32  Probe  
  76  5:36  Probe  
  76  5:38  Probe  
  76  5:39  Gateway x2  
  76  5:42  Probe  
  79  5:44  Stalker  
  83  5:50  Probe x2  
  83  5:53  Stalker  
  83  5:54  Probe  
  87  5:57  Pylon  
  87  5:58  Assimilator  
  87  5:59  Assimilator  
  88  6:09  Stalker  
  88  6:10  Shield Battery, Stalker  
  92  6:12  Shield Battery  
  92  6:13  Stalker, Photon Cannon  
  93  6:21  Stalker  
  93  6:24  Shield Battery  
  95  6:25  Shield Battery  
  93  6:34  Stalker x4  
  94  6:41  Stalker  
  94  6:42  Shield Battery  
  94  6:43  Probe  
  94  6:45  Stalker  
  78  6:56  Shield Battery  
  78  6:58  Stalker x3  
  78  6:59  Stalker  
  82  7:04  Stalker  
  74  7:10  Stalker  
  74  7:13  Pylon  
  67  7:22  Stalker x4  
  70  7:27  Stalker  
  69  7:34  Probe x2  
  69  7:37  Stalker  
  71  7:45  Stalker x4  
  71  7:47  Probe  
  82  7:55  Stalker  
  82  7:57  Robotics Facility  
  82  8:10  Pylon  
  76  8:26  Nexus  
  76  8:28  Pylon  
  76  8:31  Templar Archives  
  76  8:34  Stalker  
  76  8:40  Observer  
  78  8:42  Pylon  
  78  8:44  Pylon  
  78  8:46  Probe x2  
  81  8:51  Shield Battery  
  81  8:55  Assimilator  
  81  8:56  Stalker  
  81  8:57  Stalker  
  81  8:58  Probe  
  81  8:59  Assimilator  
  86  9:03  Stalker x2  
  86  9:08  Probe  
  91  9:11  Stalker x2  
  93  9:21  Stalker x2  
  97  9:27  Stalker  
  97  9:29  Probe  
  96  9:34  Stalker  
Tags
 
Add a new tag
Caveats
  • Supply blocks, unpowered buildings, or Contaminate may cause inaccurate times.
  • Supply counts are checked every 10 seconds.